 Dungeon Crawl Stone Soup version 0.29.1-14-g9c671dbff4 (webtiles) character file.

Game seed: 1030532303820189509

1159 tizbic2 the Ruffian (level 8, -3/83 HPs)
             Began as an Ogre Gladiator on Feb 14, 2023.
             Was a Priest of Okawaru.
             Slain by a black bear (11 damage)
             ... on level 6 of the Dungeon.
             The game lasted 00:23:55 (7171 turns).

tizbic2 the Ruffian (Ogre Gladiator)                Turns: 7171, Time: 00:23:56

Health: -3/83      AC:  4    Str: 19    XL:     8   Next: 39%
Magic:  8/8        EV: 10    Int:  9    God:    Okawaru [***...]
Gold:   323        SH:  0    Dex: 12    Spells: 6/7 levels left

rFire   . . .      SeeInvis .   a - +3 dagger (pain)
rCold   . . .      Faith    .   (no shield)
rNeg    . . .      Spirit   .   j - +0 robe
rPois   .          Reflect  .   b - +1 hat
rElec   .          Harm     .   (no cloak)
rCorr   .          Rampage  .   (gloves unavailable)
Will    +....                   (boots unavailable)
Stlth   +.........              l - amulet of the acrobat
HPRegen 0.23/turn               r - ring of willpower
MPRegen 0.11/turn               (no ring)

@: confused, ambrosia-drunk, studying Poison Magic
A: large, unfitting armour, tough skin 1
a: Renounce Religion, Heroism


You were on level 6 of the Dungeon.
You worshipped Okawaru.
Okawaru was most pleased with you.
You visited 1 branch of the dungeon, and saw 6 of its levels.

You collected 323 gold pieces.

Inventory:

Hand Weapons
 a - a +3 dagger of pain (weapon)
 f - a +0 hand axe
 v - a +0 great sword
 w - a +0 sling
 x - a +0 trident of freezing
 B - a +0 rapier
 D - a +2 whip of electrocution
Missiles
 c - a throwing net (quivered)
 e - 6 javelins
 s - 38 stones
 y - a large rock
 A - 6 poisoned darts
Armour
 b - a +1 hat (worn)
 j - a +0 robe (worn)
Magical Staves
 k - a staff of fire
Jewellery
 l - an amulet of the acrobat (around neck)
 r - a ring of willpower (left hand)
Wands
 g - a wand of flame (12)
Scrolls
 h - 3 scrolls of fog
 m - 3 scrolls of amnesia
 p - a scroll of identify
 q - a scroll of immolation
 F - a scroll of blinking
Potions
 d - a potion of degeneration {unknown}
 n - a potion of lignification {unknown}
 t - 3 potions of resistance {unknown}
 u - a potion of magic {unknown}
 z - 2 potions of attraction {unknown}
 C - a potion of curing
 E - 2 potions of mutation {unknown}


   Skills:
 + Level 5.8 Fighting
 + Level 2.9 Short Blades
 - Level 2.0 Throwing
 - Level 2.6 Dodging
 * Level 5.9 Unarmed Combat
 * Level 4.6 Necromancy
 * Level 2.4 Poison Magic


You had 6 spell levels left.
You knew the following spells:

 Your Spells              Type           Power      Damage    Failure   Level
a - Magic Dart            Conj           0%         1d3       38%         1

Your spell library contained the following spells:

 Spells                   Type           Power      Damage    Failure   Level
 Sandblast                Erth           0%         2d4       38%         1
 Passwall                 Tmut/Erth      0%         N/A       52%         2
 Searing Ray              Conj           0%         2d4       52%         2
 Ignite Poison            Fire/Tmut/Pois 1%         N/A       65%         3
 Mephitic Cloud           Conj/Pois/Air  1%         N/A       65%         3
 Stone Arrow              Conj/Erth      0%         3d7       77%         3
 Fulminant Prism          Conj/Hex       0%         3d6       99%         4
 Freezing Cloud           Conj/Ice/Air   0%         6-21      100%        5


Dungeon Overview and Level Annotations

Branches:
Dungeon (6/15)             Temple (0/1) D:5

Altars:
Fedhas
Nemelex Xobeh
Okawaru
Vehumet
Wu Jian
Zin
The Shining One


Innate Abilities, Weirdness & Mutations

You are too large for most types of armour.
You have tough skin. (AC +1)


Message History

The black bear claws you.
* * * LOW HITPOINT WARNING * * *
The black bear claws you.
* * * LOW HITPOINT WARNING * * *
You hit the black bear.
The black bear writhes in agony.
The black bear is almost dead.
The black bear goes berserk!
You closely miss the black bear.
The black bear is almost dead.
The black bear bites you!
* * * LOW HITPOINT WARNING * * *
The black bear closely misses you. The black bear barely misses you.
Unknown command.
You feel much better. The black bear closely misses you.
The black bear claws you but does no damage.
The black bear claws you.
* * * LOW HITPOINT WARNING * * *
The black bear bites you!
* * * LOW HITPOINT WARNING * * *
The black bear claws you.
* * * LOW HITPOINT WARNING * * *
The black bear claws you but does no damage.
You are confused.
You feel invigorated. The black bear closely misses you.
The black bear claws you.
* * * LOW HITPOINT WARNING * * *
The black bear completely misses you.
You hit the black bear but do no damage.
The black bear writhes in agony.
The black bear is almost dead.
The black bear barely misses you. x2; The black bear closely misses you.
The black bear bites you but does no damage.
The black bear claws you.
* * * LOW HITPOINT WARNING * * *
The black bear claws you.
* * * LOW HITPOINT WARNING * * *
You miss the black bear.
The black bear is almost dead.
The black bear bites you!
You die...

## ## #.# .# ##+## #..##..
##...## .#.#. ##.....##
#...# ##.......## ##.#.#
...####.........####....##
......'.h@......'.........
...####.........####....##
##.......## ##....#
##.....## #.###. ##...##
#(# . ##+## #.# ##. #


You could see a black bear (berserk).

Vanquished Creatures
  Sigmund (D:5)
  A black bear (D:4)
  2 phantoms (D:5)
  2 scorpions
  A gnoll sergeant (D:5)
  3 orc priests
  A gnoll bouda (D:5)
  3 hounds
  2 iguanas (D:5)
  3 orc wizards
  10 gnolls
  6 adders
  3 worms
  2 dart slugs
  12 orcs
  5 endoplasms
  8 giant cockroaches
  7 goblins
  9 hobgoblins
  8 jackals
  3 quokkas
  8 ball pythons
  2 bats
  2 frilled lizards
  9 kobolds
  5 rats
118 creatures vanquished.

Vanquished Creatures (others)
  A fungus (D:1)
  2 plants (D:5)
3 creatures vanquished.

Grand Total: 121 creatures vanquished

Notes
Turn   | Place    | Note
-------+----------+-------------------------------------------
     0 | D:1      | tizbic2 the Ogre Gladiator began the quest for the Orb.
     0 | D:1      | Reached XP level 1. HP: 22/22 MP: 1/1
   154 | D:1      | Reached XP level 2. HP: 25/31 MP: 2/2
   681 | D:1      | Reached XP level 3. HP: 35/37 MP: 3/3
  1034 | D:1      | Found a faded altar of an unknown god.
  1139 | D:1      | Prayed at the altar of an unknown god.
  1139 | D:1      | Became a worshipper of Warmaster Okawaru
  1139 | D:1      | Reached * piety under Okawaru
  1802 | D:2      | Reached skill level 1 in Necromancy
  2077 | D:2      | Reached XP level 4. HP: 42/46 MP: 4/4
  2954 | D:3      | Found a blossoming altar of Fedhas.
  2993 | D:3      | Noticed a scorpion
  3007 | D:3      | Killed a scorpion
  3008 | D:3      | Reached skill level 1 in Short Blades
  3008 | D:3      | Reached XP level 5. HP: 39/54 MP: 5/5
  3218 | D:3      | Found a glowing golden altar of the Shining One.
  3459 | D:4      | Noticed a black bear
  3470 | D:4      | Killed a black bear
  3470 | D:4      | Reached ** piety under Okawaru
  3471 | D:4      | Reached XP level 6. HP: 39/63 MP: 6/6
  3473 | D:5      | Entered Level 5 of the Dungeon
  3706 | D:5      | Noticed Sigmund
  3718 | D:5      | Killed Sigmund
  3719 | D:5      | Reached XP level 7. HP: 58/71 MP: 7/7
  3749 | D:5      | Found a radiant altar of Vehumet.
  3778 | D:5      | Reached skill level 5 in Fighting
  4063 | D:5      | Reached skill level 5 in Unarmed Combat
  4152 | D:5      | Found a staircase to the Ecumenical Temple.
  4303 | D:4      | Learned a level 1 spell: Magic Dart
  4591 | D:3      | Found an ornate altar of the Wu Jian Council.
  5383 | D:4      | Reached XP level 8. HP: 74/81 MP: 8/8
  5628 | D:5      | Found a sparkling altar of Nemelex Xobeh.
  5961 | D:5      | Reached skill level 1 in Poison Magic
  6296 | D:5      | Found a glowing silver altar of Zin.
  6296 | D:5      | Noticed an angel
  6328 | D:5      | Reached *** piety under Okawaru
  7171 | D:6      | Slain by a black bear

Illustrated notes

Levels and vault maps discovered:
D:1:      amcnicky_arrival_flooded_fountain, layout_basic,
          dreamdust_ecumenical_altar_hidden_monk_grotto, minmay_heptomino_o4
D:2:      layout_basic
D:3:      layout_loops_ring, tso_oasis_becter, lemuel_crystal_altar,
          lemuel_round_altar, minmay_distorted
D:4:      layout_rooms, minmay_manual_mullet
D:5:      layout_loops_cross, nemelex_spade_bored_becter, vehumet_altar_wand_db,
          zin_angel, minmay_temple_entry_gardened_gates, uniq_sigmund
D:6:      layout_loops_corners, grunt_temple_overflow_champion_of_chaos,
          amethyst_overflow_temple_binary, hangedman_decor_diamond_cutter,
          kennysheep_generic_room_4

Skill      XL: |  1  2  3  4  5  6  7  8 |
---------------+-------------------------+-----
Fighting       | 3 4 5 |  5.8
Unarmed Combat | 3 4 5 |  5.9
Necromancy     | 1 2 3 4 |  4.6
Short Blades   | 1 2 |  2.9
Poison Magic   | 2 |  2.4
Throwing       | |  2.0
Dodging        | |  2.6

Action                   |  1- 3 |  4- 6 |  7- 9 || total
-------------------------+-------+-------+-------++-------
Melee: Unarmed           |    56 |       |       ||    56
       Dagger            |    91 |    91 |   249 ||   431
       Punch             |     2 |     4 |    12 ||    18
       Hand axe          |       |       |     8 ||     8
       Trident           |       |       |    14 ||    14
       Sling             |       |       |     4 ||     4
 Fire: Sling             |     8 |    23 |     7 ||    38
Throw: Large rock        |     1 |     1 |       ||     2
       Throwing net      |       |     2 |       ||     2
 Cast: Magic Dart        |       |       |     1 ||     1
Invok: Heroism           |       |       |     1 ||     1
  Use: Scroll            |     4 |     9 |     5 ||    18
       Potion            |       |     2 |     4 ||     6
 Stab: Sleeping          |     1 |       |     1 ||     2
Armor: Robe              |    45 |    15 |    54 ||   114
Dodge: Dodged            |    89 |    52 |   118 ||   259
